 Dungeon Crawl Stone Soup version 0.19.1-1-g22dce08 (webtiles) character file.

71994 HEYYEYAAE the Frost Mage (level 14, -1/126 HPs)
             Began as a Black Draconian Ice Elementalist on Jan 9, 2017.
             Was the Champion of Okawaru.
             Slain by a hill giant
             ... wielding a +0 giant club
              (36 damage)
             ... on level 13 of the Dungeon on Jan 10, 2017.
             The game lasted 01:30:14 (34063 turns).

HEYYEYAAE the Frost Mage (DrIE)                    Turns: 34063, Time: 01:30:15

Health: -1/126     AC: 15    Str: 10    XL:     14   Next: 99%
Magic:  7/30       EV: 21    Int: 23    God:    Okawaru [******]
Gold:   1107       SH:  0    Dex: 13    Spells: 10 memorised, 3 levels left

rFire  . . .     SeeInvis .     c - +5 arbalest (freeze)
rCold  . . .     Gourm    .     (armour unavailable)
rNeg   . . .     Faith    +     (shield currently unavailable)
rPois  +         Spirit   .     u - +2 hat {Int+3}
rElec  +         Reflect  .     F - +2 cloak {MR+}
rCorr  +         Harm     .     T - +1 pair of gloves of the Tundras {MR+ rCorr}
MR     +++..                    (no boots)
Stlth  ++........               n - amulet of faith
                                f - ring of poison resistance
                                z - +4 ring of evasion

@: no status effects
A: breathe lightning, unfitting armour, big wings, electricity resistance,
cold-blooded, AC +8
a: Breathe Lightning, Fly, Heroism, Finesse, Renounce Religion


You were on level 13 of the Dungeon.
You worshipped Okawaru.
Okawaru was exalted by your worship.
You were not hungry.

You visited 4 branches of the dungeon, and saw 23 of its levels.

You collected 2714 gold pieces.
You spent 1607 gold pieces at shops.

Inventory:

Hand Weapons
 c - a +5 arbalest of freezing (weapon)
 D - a +2 whip of electrocution
Missiles
 t - 129 bolts (quivered)
Armour
 s - a +0 cloak of invisibility
 u - a +2 hat of intelligence (worn)
 w - the +0 buckler of the Merchant {rF++ Int-2 Dex+7}
   (Okawaru gifted it to you on level 10 of the Dungeon)

   It affects your intelligence (-2).
   It affects your dexterity (+7).
   It greatly protects you from fire.
 y - the +3 cloak of Itzea {rElec Str+6}
   (Okawaru gifted it to you on level 2 of the Orcish Mines)

   It affects your strength (+6).
   It insulates you from electricity.
 F - a +2 cloak of magic resistance (worn)
 T - the +1 pair of gloves of the Tundras (worn) {MR+ rCorr}
   (Okawaru gifted it to you on level 3 of the Lair of Beasts)

   It affects your resistance to hostile enchantments.
   It protects you from acid and corrosion.
 V - a +2 pair of gloves of archery
Jewellery
 f - a ring of poison resistance (right hand)
 i - the ring of Ruos {rElec rPois Int+7 Slay-3}
   (You took it off an orc knight on level 10 of the Dungeon)

   [ring of poison resistance]

   It affects your intelligence (+7).
   It affects your accuracy and damage with ranged weapons and melee attacks
   (-3).
   It insulates you from electricity.
   It protects you from poison.
 j - an uncursed amulet of regeneration {unknown}
 n - an amulet of faith (around neck)
 z - a +4 ring of evasion (left hand)
Wands
 d - a wand of hasting (3/9)
 l - a wand of polymorph (15/24)
 A - a wand of acid (0/15)
 B - a wand of confusion (0/48)
 C - a wand of confusion (0/48)
 I - a wand of flame (0/48)
 O - a wand of random effects (10/48)
 R - a wand of slowing (0/48)
Scrolls
 e - 8 scrolls of amnesia
 k - 3 scrolls of magic mapping
 o - 9 scrolls of remove curse
 p - 5 scrolls of fog
 G - a scroll of immolation
 H - a scroll of enchant weapon
 N - a scroll of identify
 P - 2 scrolls of enchant armour
Potions
 a - 3 potions of ambrosia
 g - 6 potions of mutation
 h - 7 potions of curing
 m - a potion of resistance {unknown}
 r - 6 potions of flight
 v - a potion of brilliance
 x - a potion of lignification
 K - 3 potions of cure mutation
 M - a potion of cancellation {unknown}
Books
 E - a book of Air

   Spells                             Type                      Level
   a - Shock                          Conjuration/Air              1
   b - Swiftness                      Charms/Air                   2
   c - Repel Missiles                 Charms/Air                   2
   d - Static Discharge               Conjuration/Air              3
   e - Lightning Bolt                 Conjuration/Air              5
 J - a book of Clouds

   Spells                             Type                      Level
   a - Mephitic Cloud                 Conjuration/Poison/Air       3
   b - Conjure Flame                  Conjuration/Fire             3
   c - Poisonous Cloud                Conjuration/Poison/Air       6
   d - Freezing Cloud                 Conjuration/Ice/Air          6
   e - Ring of Flames                 Charms/Fire                  7
 L - a book of Battle

   Spells                             Type                      Level
   a - Infusion                       Charms                       1
   b - Shroud of Golubria             Charms/Translocation         2
   c - Song of Slaying                Charms                       2
   d - Spectral Weapon                Hexes/Charms                 3
   e - Regeneration                   Charms/Necromancy            3
 S - a book of Maledictions

   Spells                             Type                      Level
   a - Corona                         Hexes                        1
   b - Ensorcelled Hibernation        Hexes/Ice                    2
   c - Confuse                        Hexes                        3
   d - Tukima's Dance                 Hexes                        3
   e - Dazzling Spray                 Conjuration/Hexes            3
 W - a book of the Sky

   Spells                             Type                      Level
   a - Summon Lightning Spire         Summoning/Air                4
   b - Airstrike                      Air                          4
   c - Silence                        Hexes/Air                    5
   d - Deflect Missiles               Charms/Air                   6
   e - Conjure Ball Lightning         Conjuration/Air              6
   f - Tornado                        Air                          9
Miscellaneous
 Q - a phantom mirror
 X - a phial of floods (inert)
Comestibles
 b - 11 bread rations
 q - 3 meat rations


   Skills:
 - Level 12.3 Fighting
 - Level 6.5 Crossbows
 - Level 8.8 Dodging
 - Level 1.7 Stealth
 - Level 6.5 Shields
 + Level 12.3 Spellcasting
 - Level 1.0 Conjurations
 - Level 13.0 Ice Magic
 * Level 5.8 Air Magic
 - Level 7.8 Evocations


You had 3 spell levels left.
You knew the following spells:

 Your Spells              Type           Power        Failure   Level  Hunger
a - Freeze                Ice            ####         1%          1    None
b - Throw Icicle          Conj/Ice       #####...     2%          4    None
c - Ozocubu's Armour      Chrm/Ice       #####...     1%          3    None
d - Summon Ice Beast      Ice/Summ       #####...     3%          4    None
e - Static Discharge      Conj/Air       ####....     4%          3    None
f - Swiftness             Chrm/Air       ####....     2%          2    None
g - Repel Missiles        Chrm/Air       ####..       2%          2    None
h - Freezing Cloud        Conj/Ice/Air   #####.....   50%         6    #####..
i - Conjure Ball Lightni  Conj/Air       ####......   99%         6    #####..
j - Regeneration          Chrm/Necr      ##........   14%         3    None


Dungeon Overview and Level Annotations

Branches:
Dungeon (14/15)            Temple (1/1) D:6            Lair (6/6) D:10
 Shoals (0/4) Lair:2       Spider (0/4) Lair:3        Slime (0/5) Lair:5
    Orc (2/2) D:10            Elf (0/3) Orc:2
 Vaults: D:13-14

Altars:
Cheibriados
Dithmenos
Elyvilon
Fedhas
Gozag
Kikubaaqudgha
Makhleb
Nemelex Xobeh
Okawaru
Qazlal
Ru
Trog
Vehumet
Xom
Beogh
Jiyva

Shops:
D:8 *   Orc:2 :%!?

Annotations:
D:12 Fannar


Innate Abilities, Weirdness & Mutations

You can breathe wild blasts of lightning.
Your glossy black scales are hard. (AC +8)
You cannot fit into any form of body armour.
Your large and strong wings let you fly indefinitely.
You are resistant to electric shocks. (rElec)
You are cold-blooded and may be slowed by cold attacks.


Message History

Aim: a hill giant, wielding a giant club You shoot a bolt.
The bolt hits the hill giant!
The bolt freezes the hill giant.
The hill giant is lightly wounded.
Your icy armour starts to melt.
Your ice beast hits the hill giant.
Your ice beast freezes the hill giant!
Your ice beast barely misses the hill giant.
Firing (i - inventory):
t - 131 bolts (quivered)
Press: ? - help, Shift-Dir - straight line, f/p - hill giant
Aim: a hill giant, wielding a giant club (heavily wounded)
You shoot a bolt. The bolt barely misses the hill giant.
Firing (i - inventory):
t - 130 bolts (quivered)
Press: ? - help, Shift-Dir - straight line, f/p - hill giant
Aim: a hill giant, wielding a giant club (heavily wounded)
You shoot a bolt.
The bolt hits the hill giant but does no damage.
The hill giant is heavily wounded.
Your icy armour evaporates.
The hill giant hits you with a giant club!!!
You die...

#...........# #......#####
#...........## #...........
#............# #...........
.............# #...........
............[# #...........
.............#########...........
.................................
.........................########
###+##........YC@........#......#
.....#...........######..#......#
.....#...........#....#..#......)
.....#...........#....#.?###....#
.....#.(.........'....#....#.....
.....'.######....'....#....#.....
.....#.'....####.######....#.....
#+####.#..(....#...........#.....
.......#.......#...........#...)#


You could see a hill giant and a friendly ice beast.

Vanquished Creatures
  Frances (D:13)
  2 orc warlords (Orc:1)
  Nessos (D:11)
  A stone giant (Orc:2)
  Josephine (D:12)
  4 hydras
  A catoblepas (Lair:6)
  A centaur warrior (D:13)
  5 orc high priests
  9 death yaks (Lair:6)
  Nergalle (Orc:1)
  3 hill giants
  7 orc knights
  An ugly thing (D:12)
  A necromancer (D:10)
  4 orc sorcerers
  2 cyclopes (Orc:2)
  An elephant (Lair:6)
  Maurice (Orc:1)
  5 black mambas
  A centaur skeleton (D:11)
  5 rime drakes
  9 spiny frogs
  3 komodo dragons
  3 trolls
  A slime creature (D:13)
  3 blink frogs
  A two-headed ogre (shapeshifter) (D:14)
  5 hippogriffs
  Sigmund (D:5)
  A redback (Lair:3)
  23 yaks
  3 vampires
  3 wraiths
  2 wyverns
  A yak (shapeshifter) (D:14)
  A hog (D:9)
  A hungry ghost (D:11)
  2 basilisks
  3 wargs (Orc:1)
  A mottled dragon (D:12)
  A soldier ant (D:13)
  10 water moccasins
  6 porcupines
  5 sky beasts
  36 orc warriors
  An ice beast (D:5)
  7 ogres
  12 centaurs
  13 wolves
  6 crocodiles
  4 big kobolds
  13 bullfrogs
  A water moccasin zombie (D:9)
  5 scorpions
  2 wyvern skeletons
  50 killer bees
  5 wights (D:13)
  2 howler monkeys
  7 crimson imps
  2 bullfrog zombies
  A quasit (D:6)
  2 bullfrog skeletons
  7 hounds
  15 orc wizards
  A gnoll shaman (D:7)
  3 jellies
  28 orc priests
  2 iguanas
  16 worker ants
  2 wolf simulacra (D:10)
  2 killer bee zombies
  2 hound skeletons
  A hound zombie (D:8)
  2 worker ant zombies (D:5)
  6 gnolls
  16 adders
  2 shadow imps
  2 oozes
  An adder skeleton (D:7)
  5 worms
  3 dart slugs
  4 leopard geckos
  79 orcs
  4 giant cockroaches
  4 hobgoblins
  9 jackals
  8 quokkas
  2 ball pythons
  9 bats
  7 frilled lizards
  7 goblins
  A jackal skeleton (D:3)
  26 kobolds
  A leopard gecko skeleton (D:4)
  9 rats
  3 river rat simulacra (D:10)
605 creatures vanquished.

Vanquished Creatures (collateral kills)
  Gastronok (D:10)
  Kirke (Lair:5)
  An orc warlord (Orc:1)
  4 hydras
  The ghost of bananaglory the Basher, a journeyman GrBe of Trog (D:10)
  A deep troll shaman (Lair:6)
  6 death yaks
  6 orc knights
  A manticore (D:9)
  A slime creature (D:13)
  2 elephants (Lair:6)
  A black mamba (Lair:6)
  5 spiny frogs
  5 komodo dragons
  4 trolls
  A two-headed ogre (Orc:1)
  5 blink frogs
  2 hippogriffs
  3 hogs
  A wraith (D:9)
  2 basilisks
  18 yaks
  A human (D:9)
  2 wargs (Orc:1)
  5 water moccasins
  4 porcupines
  2 black bears (Lair:6)
  12 orc warriors
  An ice beast (D:9)
  2 ogres
  11 wolves
  A centaur (D:9)
  2 crocodiles
  A big kobold (D:10)
  A wyvern skeleton (D:10)
  A killer bee (Lair:1)
  16 orc priests
  6 orc wizards
  A worker ant (D:10)
  3 polar bear simulacra (D:10)
  2 yak simulacra (D:10)
  A wolf simulacrum (D:10)
  3 river rats (D:10)
  36 orcs
  A kobold (D:10)
187 creatures vanquished.

Vanquished Creatures (others)
  5 dream sheep (D:12)
  A human (Lair:5)
  An orc (Orc:2)
  10 bushes
  15 fungi
  18 plants
50 creatures vanquished.

Grand Total: 842 creatures vanquished

Notes
Turn   | Place    | Note
-------+----------+-------------------------------------------
     0 | D:1      | HEYYEYAAE the Draconian Ice Elementalist began the quest for the Orb.
     0 | D:1      | Reached XP level 1. HP: 14/14 MP: 3/3
   162 | D:1      | Reached XP level 2. HP: 15/20 MP: 5/5
   775 | D:2      | Found a radiant altar of Vehumet.
   977 | D:2      | Reached XP level 3. HP: 6/27 MP: 2/6
  1791 | D:3      | Reached XP level 4. HP: 25/34 MP: 4/8
  1869 | D:3      | Found a blossoming altar of Fedhas.
  2105 | D:3      | Reached skill level 1 in Fighting
  2244 | D:4      | Found an opulent altar of Gozag.
  2362 | D:4      | Reached skill level 4 in Ice Magic
  2376 | D:4      | Reached XP level 5. HP: 20/40 MP: 6/9
  2691 | D:4      | Found a white marble altar of Elyvilon.
  2998 | D:4      | Found a shimmering altar of Xom.
  3123 | D:5      | Entered Level 5 of the Dungeon
  3138 | D:5      | Reached XP level 6. HP: 27/48 MP: 1/11
  3314 | D:5      | Noticed Sigmund
  3325 | D:5      | Killed Sigmund
  3325 | D:5      | Reached skill level 5 in Ice Magic
  3420 | D:5      | Your scales start taking on a glossy black colour.
  3420 | D:5      | Reached XP level 7. HP: 20/56 MP: 6/13
  3420 | D:5      | Gained mutation: You are resistant to electric shocks. (rElec) [Black Draconian growth]
  3490 | D:5      | HP: 2/56 [ice beast (10)]
  3520 | D:5      | Noticed a hippogriff
  3572 | D:5      | Killed a hippogriff
  3572 | D:5      | Reached skill level 5 in Spellcasting
  3805 | D:5      | Reached skill level 6 in Ice Magic
  3871 | D:5      | Reached XP level 8. HP: 57/66 MP: 9/16
  3876 | D:5      | Learned a level 3 spell: Ozocubu's Armour
  3881 | D:5      | Learned a level 4 spell: Throw Icicle
  3886 | D:5      | Learned a level 4 spell: Summon Ice Beast
  4507 | D:6      | Found a staircase to the Ecumenical Temple.
  4521 | Temple   | Entered the Ecumenical Temple
  4551 | Temple   | Became a worshipper of Warmaster Okawaru
  4771 | D:6      | You fall through a shaft for 2 floors!
  4804 | D:7      | Found a sparkling altar of Nemelex Xobeh.
  4920 | D:7      | Found a snail-covered altar of Cheibriados.
  5194 | D:7      | Reached * piety under Okawaru
  5194 | D:7      | Reached skill level 7 in Ice Magic
  5194 | D:7      | Reached skill level 1 in Evocations
  5374 | D:7      | Found a faded altar of an unknown god.
  5374 | D:7      | Found a faded altar of an unknown god.
  5380 | D:7      | Found a faded altar of an unknown god.
  5382 | D:7      | Found a faded altar of an unknown god.
  5383 | D:7      | Found a sacrificial altar of Ru.
  5469 | D:7      | Reached skill level 5 in Fighting
  5469 | D:7      | Reached XP level 9. HP: 67/74 MP: 12/18
  5698 | D:8      | Found a shadowy altar of Dithmenos.
  5749 | D:8      | Found Bocin's Assorted Antiques.
  6006 | D:8      | Bought a wooden wand for 92 gold pieces
  6188 | D:8      | Reached ** piety under Okawaru
  6647 | D:8      | Bought a dark potion for 20 gold pieces
  6647 | D:8      | Bought a potion of curing for 69 gold pieces
  6731 | D:9      | Reached skill level 5 in Dodging
  6731 | D:9      | Reached skill level 8 in Ice Magic
  7312 | D:9      | Found an opulent altar of Gozag.
  7434 | D:9      | Reached *** piety under Okawaru
  7725 | D:9      | Found a burning altar of Makhleb.
  7780 | D:9      | Noticed a manticore
  8069 | D:9      | Killed a manticore
  8069 | D:9      | Reached XP level 10. HP: 24/83 MP: 1/21
  8280 | D:10     | Entered Level 10 of the Dungeon
  8306 | D:10     | Reached **** piety under Okawaru
  8580 | D:10     | Reached skill level 9 in Ice Magic
  8700 | D:10     | Noticed Gastronok
  8805 | D:10     | Killed Gastronok
  8805 | D:10     | Reached ***** piety under Okawaru
  8805 | D:10     | Received a gift from Okawaru
  8809 | D:10     | Got a shimmering buckler {god gift}
  9065 | D:10     | Found a staircase to the Lair.
  9070 | D:10     | Reached skill level 1 in Shields
  9325 | D:10     | Noticed a necromancer
  9328 | D:10     | Killed a necromancer
  9328 | D:10     | Reached XP level 11. HP: 87/94 MP: 13/23
  9750 | D:10     | Noticed bananaglory's ghost (journeyman GrBe)
  9782 | D:10     | Killed bananaglory's ghost
  9903 | D:10     | Found a staircase to the Orcish Mines.
 10377 | D:11     | Noticed a hill giant
 10382 | D:11     | Killed a hill giant
 10512 | D:11     | Reached skill level 10 in Ice Magic
 10870 | D:11     | Received a gift from Okawaru
 11392 | D:12     | Noticed an eight-headed hydra
 11410 | D:12     | Killed an eight-headed hydra
 11410 | D:12     | Reached skill level 5 in Evocations
 11556 | D:12     | Noticed a hill giant
 11981 | D:12     | Noticed Nessos
 11995 | D:12     | Noticed a red ugly thing
 12189 | D:12     | Noticed Josephine
 12272 | Lair:1   | Entered Level 1 of the Lair of Beasts
 12739 | Lair:1   | You fall through a shaft!
 13148 | Lair:2   | Found a staircase to the Shoals.
 13230 | Lair:2   | Reached XP level 12. HP: 79/106 MP: 3/25
 13954 | Lair:2   | Reached skill level 10 in Spellcasting
 14623 | Lair:3   | Reached skill level 10 in Fighting
 14636 | Lair:3   | Found a hole to the Spider Nest.
 14659 | Lair:3   | Reached ****** piety under Okawaru
 14677 | Lair:3   | Received a gift from Okawaru
 14683 | Lair:3   | Got a pair of smoking gloves {god gift}
 14705 | Lair:3   | Identified the +1 pair of gloves of the Tundras {MR+ rCorr} (Okawaru gifted it to you on level 3 of the Lair of Beasts)
 14890 | Lair:3   | Noticed a six-headed hydra
 15079 | Lair:3   | Found a sparkling altar of Nemelex Xobeh.
 15122 | Lair:3   | Killed a six-headed hydra
 15122 | Lair:3   | Reached skill level 11 in Ice Magic
 15340 | Lair:4   | Identified the +0 buckler of the Merchant {rF++ Int-2 Dex+7} (Okawaru gifted it to you on level 10 of the Dungeon)
 15489 | Lair:4   | Noticed an eight-headed hydra
 15577 | Lair:4   | Killed an eight-headed hydra
 15747 | Lair:4   | Reached skill level 1 in Crossbows
 16541 | Lair:5   | Noticed a six-headed hydra
 16558 | Lair:6   | Entered Level 6 of the Lair of Beasts
 16660 | Lair:6   | Noticed a six-headed hydra
 16896 | Lair:6   | Noticed a seven-headed hydra
 16902 | Lair:6   | Killed a seven-headed hydra
 16987 | Lair:6   | Noticed a death yak
 16990 | Lair:6   | Noticed a death yak
 16991 | Lair:6   | Noticed a death yak
 17056 | Lair:5   | Noticed a seven-headed hydra
 17095 | Lair:5   | Received a gift from Okawaru
 17113 | Lair:5   | Killed a seven-headed hydra
 17124 | Lair:5   | Killed a six-headed hydra
 17559 | Lair:5   | Noticed Kirke
 17570 | Lair:5   | Killed Kirke
 17570 | Lair:5   | Reached XP level 13. HP: 94/115 MP: 14/27
 18069 | Lair:5   | Found a viscous altar of Jiyva.
 18069 | Lair:5   | Found a staircase to the Slime Pits.
 18936 | Lair:6   | Learned a level 3 spell: Static Discharge
 18939 | Lair:6   | Learned a level 2 spell: Swiftness
 18942 | Lair:6   | Learned a level 2 spell: Repel Missiles
 19260 | Lair:6   | Received a gift from Okawaru
 19261 | Lair:6   | Reached skill level 5 in Shields
 19480 | Lair:6   | Reached skill level 12 in Ice Magic
 21054 | Lair:6   | Got a crystal dagger
 21068 | Lair:6   | Identified the +10 dagger of Mourning {pierce, -Tele Str+8 Stlth+} (You found it on level 6 of the Lair of Beasts)
 21373 | Lair:1   | Reached skill level 5 in Crossbows
 21578 | Lair:1   | Received a gift from Okawaru
 21960 | Lair:1   | Received a gift from Okawaru
 22409 | Orc:1    | Entered Level 1 of the Orcish Mines
 22458 | Orc:1    | Noticed Maurice
 22475 | Orc:1    | Killed Maurice
 22475 | Orc:1    | Reached skill level 1 in Air Magic
 22629 | Orc:1    | Gained mutation: Your large and strong wings let you fly indefinitely. [Black Draconian growth]
 22629 | Orc:1    | Reached XP level 14. HP: 125/125 MP: 26/29
 22867 | Orc:1    | Found a roughly hewn altar of Beogh.
 22893 | Orc:1    | Noticed Nergalle
 22908 | Orc:1    | Killed Nergalle
 23917 | Orc:1    | Noticed an orc warlord
 23990 | Orc:1    | Noticed an orc warlord
 24124 | Orc:1    | Noticed an orc warlord
 24126 | Orc:1    | Killed an orc warlord
 24135 | Orc:1    | Killed an orc warlord
 24165 | Orc:1    | Received a gift from Okawaru
 24366 | Orc:1    | Killed an orc warlord
 24946 | D:10     | Got a smoking platinum ring
 25441 | Orc:1    | Identified the ring of Ruos {rElec rPois Int+7 Slay-3} (You took it off an orc knight on level 10 of the Dungeon)
 25570 | Orc:1    | Learned a level 6 spell: Freezing Cloud
 25582 | Orc:2    | Entered Level 2 of the Orcish Mines
 26291 | Orc:2    | Found a staircase to the Elven Halls.
 26419 | Orc:2    | Found a roughly hewn altar of Beogh.
 28651 | Orc:2    | Noticed a stone giant
 29109 | Orc:2    | Killed a stone giant
 30053 | Orc:2    | Received a gift from Okawaru
 30056 | Orc:2    | Got a translucent cloak {god gift}
 30069 | Orc:1    | Identified the +3 cloak of Itzea {rElec Str+6} (Okawaru gifted it to you on level 2 of the Orcish Mines)
 30910 | Orc:2    | Found Reubish's Magic Scroll Boutique.
 30913 | Orc:2    | Found Jest's Food Boutique.
 30914 | Orc:2    | Found Juipti's Book Boutique.
 30915 | Orc:2    | Found Ziplilos's Distillery.
 30922 | Orc:2    | Bought a scroll of recharging for 133 gold pieces
 30922 | Orc:2    | Bought a scroll of identify for 28 gold pieces
 30922 | Orc:2    | Bought a scroll of teleportation for 42 gold pieces
 30922 | Orc:2    | Bought a scroll of fog for 28 gold pieces
 30924 | Orc:2    | Bought a potion of curing for 48 gold pieces
 30924 | Orc:2    | Bought a potion of heal wounds for 80 gold pieces
 30924 | Orc:2    | Bought a potion of curing for 48 gold pieces
 30924 | Orc:2    | Bought a potion of curing for 48 gold pieces
 30924 | Orc:2    | Bought 2 potions of ambrosia for 256 gold pieces
 30927 | Orc:2    | Bought a book of the Sky for 715 gold pieces
 30935 | Orc:2    | Learned a level 6 spell: Conjure Ball Lightning
 31191 | D:12     | Noticed Fannar
 31455 | D:11     | Killed Nessos
 31902 | D:12     | Killed Josephine
 32288 | D:12     | Reached skill level 13 in Ice Magic
 32746 | D:12     | Found a shimmering altar of Xom.
 33066 | D:13     | Noticed Frances
 33091 | D:13     | Killed Frances
 33269 | D:13     | Reached skill level 5 in Air Magic
 33580 | D:13     | Received a gift from Okawaru
 33865 | D:13     | Learned a level 3 spell: Regeneration
 34063 | D:13     | Slain by a hill giant

Skill      XL: |  1  2  3  4  5  6  7  8  9 10 11 12 13 14 |
---------------+-------------------------------------------+-----
Dodging        | 2 3 4 5 6 7 8 |  8.8
Spellcasting   | 3 4 5 6 7 8 9 10 11 12 | 12.3
Fighting       | 1 2 3 5 6 7 9 10 11 12 | 12.3
Ice Magic      | 4 5 6 7 8 9 10 11 12 13 | 13.0
Evocations     | 1 3 4 5 7 |  7.8
Shields        | 1 3 4 5 6 |  6.5
Crossbows      | 2 5 6 |  6.5
Air Magic      | 1 5 |  5.8
Stealth        | |  1.7
Conjurations   | |  1.0

Action                   |  1- 3 |  4- 6 |  7- 9 | 10-12 | 13-15 || total
-------------------------+-------+-------+-------+-------+-------++-------
Melee: Spear             |    95 |   142 |    52 |       |       ||   289
       Unarmed           |     6 |       |       |       |       ||     6
       Tailslap          |     5 |     9 |    33 |    84 |   103 ||   234
       Whip              |       |       |   130 |   574 |   683 ||  1387
       War axe           |       |       |    50 |       |       ||    50
       Punch             |       |       |       |       |     1 ||     1
 Fire: Arbalest          |       |       |       |       |   120 ||   120
 Cast: Freeze            |    18 |    61 |   182 |   125 |   101 ||   487
       Summon Ice Beast  |       |       |    12 |    88 |   192 ||   292
       Throw Icicle      |       |       |     3 |   139 |   310 ||   452
       Ozocubu's Armour  |       |       |       |    24 |    72 ||    96
Invok: Heroism           |       |       |       |       |     6 ||     6
 Abil: Breathe Lightning |       |       |     4 |     1 |       ||     5
       Evoke Invisibilit |       |       |       |       |     3 ||     3
Evoke: Wand              |       |       |     2 |    33 |    46 ||    81
       Phial of floods   |       |       |       |     2 |     3 ||     5
       Sack of spiders   |       |       |       |     9 |       ||     9
       Box of beasts     |       |       |       |       |     6 ||     6
  Use: Scroll            |       |    10 |     3 |    27 |    21 ||    61
       Potion            |       |       |     4 |     3 |    14 ||    21
 Stab: Sleeping          |     9 |       |       |     4 |       ||    13
       Confused          |       |       |       |     3 |     5 ||     8
       Distracted        |       |       |       |     4 |     5 ||     9
       Invisible         |       |       |       |       |     6 ||     6
  Eat: Chunk             |     2 |     4 |    12 |    35 |    29 ||    82
       Pizza             |       |     1 |     2 |     1 |     7 ||    11
       Beef jerky        |       |       |     2 |     1 |     2 ||     5
       Royal jelly       |       |       |       |     1 |       ||     1
       Meat ration       |       |       |       |       |     3 ||     3
Armor: Skin              |    28 |    72 |   134 |   348 |   324 ||   906
Dodge: Dodged            |    71 |   158 |   289 |   812 |  1063 ||  2393
